 Dungeon Crawl Stone Soup version 0.30.1-11-g7821555f0a (webtiles) character file.

Game seed: 362525151301993308

1579 lonewolfV2 the Fighter (level 9, -2/78 HPs)
             Began as a Formicid Fighter on Nov 14, 2023.
             Was an Initiate of Qazlal.
             Slain by a gnoll sergeant
             ... wielding a +2 trident of venom
              (8 damage)
             ... on level 6 of the Dungeon.
             The game lasted 00:07:09 (5227 turns).

lonewolfV2 the Fighter (Formicid Fighter)           Turns: 5227, Time: 00:07:10

Health: -2/78      AC:  8    Str: 26    XL:     9   Next: 14%
Magic:  9/9        EV:  9    Int: 12    God:    Qazlal [......]
Gold:   298        SH:  9    Dex: 16    Spells: 8/8 levels left

rFire   . . .        a - +1 war axe
rCold   . . .        c - +2 buckler
rNeg    . . .        b - +0 scale mail
rPois   .            (helmet unavailable)
rElec   +            (no cloak)
rCorr   .            n - +0 pair of gloves
SInv    +            (no boots)
Will    .....        f - amulet of Itum {Faith *Corrode rElec Int+5 Dex+3} Stlth
                     (no ring)
HPRegen 0.33/turn    (no ring)
MPRegen 0.11/turn

%: corrode self (3%), faith
@: mighty, lethally poisoned (-2 -> -10)
A: permanent stasis, dig shafts and tunnels, antennae 3, four strong arms
a: Dig, Shaft Self, Renounce Religion


You were on level 6 of the Dungeon.
You worshipped Qazlal.
Qazlal was noncommittal.
You visited 2 branches of the dungeon, and saw 7 of its levels.

You collected 321 gold pieces.
You spent 23 gold pieces at shops.

Inventory:

Hand Weapons
 a - a +1 war axe (weapon)
Armour
 b - a +0 scale mail (worn)
 c - a +2 buckler (worn)
 n - a +0 pair of gloves (worn)
Jewellery
 f - the amulet of Itum (around neck) {Faith *Corrode rElec Int+5 Dex+3}
   (You acquired it on level 1 of the Dungeon)

   [amulet of faith]

   It allows you to gain divine favour quickly.
   Int:       It affects your intelligence (+5).
   Dex:       It affects your dexterity (+3).
   rElec:     It insulates you from electricity.
   *Corrode:  It may corrode you when you take damage.
 k - the amulet of Riagibb {Regen+ Dex+3}
   (You found it on level 2 of the Dungeon)

   [amulet of regeneration]

   Dex:       It affects your dexterity (+3).
   Regen:     It increases your rate of health regeneration.
Wands
 r - a wand of quicksilver (13)
Scrolls
 h - 3 scrolls of poison
 l - 3 scrolls of fear
 o - 2 scrolls of noise
 q - a scroll of silence
 s - a scroll of identify
Potions
 d - 3 potions of might
 g - a potion of lignification {unknown}
 i - a potion of degeneration {unknown}
 j - a potion of flight
 m - a potion of heal wounds {unknown}
 p - a potion of haste {unknown}


   Skills:
 - Level 10.0 Fighting
 - Level 2.0 Axes
 - Level 3.2 Armour
 + Level 9.6 Shields
 * Level 0.0 Invocations


You had 8 spell levels left.
You didn't know any spells.
Your spell library contained the following spells:

 Spells                   Type           Power      Damage    Failure   Level
 Magic Dart               Conj           0%         1d3       65%         1
 Searing Ray              Conj           0%         2d4       78%         2
 Frozen Ramparts          Ice            0%         1d1       95%         3
 Animate Armour           Summ/Erth      0%         N/A       100%        4
 Fulminant Prism          Conj/Hex       0%         3d5       100%        4
 Ice Form                 Ice/Tmut       0%         N/A       100%        4
 Summon Ice Beast         Ice/Summ       0%         N/A       100%        4
 Blade Hands              Tmut           0%         N/A       100%        5
 Iron Shot                Conj/Erth      0%         9d1       100%        6


Dungeon Overview and Level Annotations

Branches:
Dungeon (6/15)             Temple (1/1) D:5

Altars:
Ashenzari
Cheibriados
Dithmenos
Elyvilon
Gozag
Hepliaklqana
Makhleb
Nemelex Xobeh
Okawaru
Qazlal
Ru
Sif Muna
Trog
Uskayaw
Vehumet
Wu Jian
Xom
Zin
The Shining One

Shops:
D:5 *

Annotations:
Temple 4 transporters


Innate Abilities, Weirdness & Mutations

You cannot be hasted, slowed, berserked, paralysed or teleported.
You can dig through walls and to a lower floor.
You have a pair of large antennae on your head. (SInv)
Your four strong arms can wield two-handed weapons with a shield.


Message History

The gnoll hits you with a +0 club.
A hound comes into view.
The gnoll sergeant hits you from afar with a +2 trident of venom!
You are poisoned.
The gnoll hits you but does no damage.
You struggle against the net.
You feel very sick.
The gnoll sergeant hits you from afar with a +2 trident of venom!
You are more poisoned.
The gnoll hits you from afar with a +0 spear.
The gnoll barely misses you.
You tear a large gash into the net.
You feel extremely sick.
The gnoll sergeant hits you from afar with a +2 trident of venom!
The gnoll hits you but does no damage.
You shred the net and break free!
You feel very sick.
The gnoll sergeant hits you from afar with a +2 trident of venom!
* * * LOW HITPOINT WARNING * * *
You are more poisoned.
You block the gnoll's attack. x2
You feel better.
The gnoll sergeant hits you but does no damage.
You block the gnoll's attack. x2
You feel very mighty all of a sudden.
The gnoll sergeant hits you from afar with a +2 trident of venom!
* * * LOW HITPOINT WARNING * * *
You are poisoned.
You block the gnoll's attack. The gnoll barely misses you.
The gnoll closely misses you.
The gnoll hits you from afar with a +0 spear.
* * * LOW HITPOINT WARNING * * *
The gnoll hits you but does no damage.
You slash the gnoll!
The gnoll is almost dead.
You barely miss the gnoll. x2
* * * LOW HITPOINT WARNING * * *
You feel very sick.
The gnoll sergeant hits you from afar with a +2 trident of venom!
You die...

......##.#....##.# ##...
.......#.........# ##..#
...##......##....###..##
...#.................#
#...............##.###
##............##...###
##...................##
#.>.g.g..#.............
##..g.@..#.#......##..#
#...gggh####.....###...
#........# ##.<..###...
......#..## ##...#.....
##...##### #........#
#.... ##...#.### .....
####### ....


You could see a gnoll sergeant, a hound and 5 gnolls.

Vanquished Creatures
  A water moccasin (D:5)
  An ice beast (D:6)
  2 black bears
  An ogre (D:5)
  2 phantoms (D:5)
  A bullfrog (D:6)
  7 scorpions
  2 hounds
  3 sleepcaps
  2 iguanas
  An orc wizard (D:6)
  8 adders
  6 gnolls
  5 river rats (D:4)
  2 worms (D:2)
  A dart slug (D:1)
  13 orcs
  4 ball pythons
  5 bats
  An endoplasm (D:1)
  6 giant cockroaches
  6 goblins
  8 hobgoblins
  2 jackals (D:4)
  7 quokkas
  7 frilled lizards
  6 kobolds
  21 rats
131 creatures vanquished.

Notes
Turn   | Place    | Note
-------+----------+-------------------------------------------
     0 | D:1      | lonewolfV2 the Formicid Fighter began the quest for the
                  | Orb.
     0 | D:1      | Reached XP level 1. HP: 18/18 MP: 1/1
    84 | D:1      | Reached XP level 2. HP: 25/25 MP: 2/2
   288 | D:1      | Reached skill level 4 in Fighting
   323 | D:1      | Reached XP level 3. HP: 21/30 MP: 3/3
   610 | D:1      | Identified a scroll of acquirement
   610 | D:1      | Acquired the amulet of Itum {Faith *Corrode rElec Int+5
                  | Dex+3}
   868 | D:2      | Identified the amulet of Riagibb {Regen+ Dex+3}
   896 | D:2      | Reached XP level 4. HP: 38/38 MP: 4/4
  1417 | D:3      | Reached skill level 5 in Shields
  1421 | D:3      | Noticed a scorpion
  1431 | D:3      | Killed a scorpion
  1432 | D:3      | Reached skill level 5 in Fighting
  1432 | D:3      | Reached XP level 5. HP: 41/44 MP: 5/5
  2213 | D:4      | Reached XP level 6. HP: 4/52 MP: 6/6
  2214 | D:4      | HP: 2/52 [poisoned by a gnoll]
  2635 | D:4      | Reached skill level 6 in Fighting
  2738 | D:4      | Reached XP level 7. HP: 59/59 MP: 7/7
  2981 | D:5      | Entered Level 5 of the Dungeon
  3008 | D:5      | Found Ysaorres's Assorted Antiques.
  3017 | D:5      | Bought a scroll labelled WYLEUN GARUHAN for 23 gold pieces
  3139 | D:5      | Reached skill level 7 in Fighting
  3217 | D:5      | Found a radiant altar of Vehumet.
  3240 | D:5      | Reached XP level 8. HP: 66/68 MP: 8/8
  3243 | D:5      | Found a staircase to the Ecumenical Temple.
  3280 | D:5      | Reached skill level 8 in Fighting
  3531 | Temple   | Entered the Ecumenical Temple
  3531 | Temple   | Found a transporter.
  3531 | Temple   | Found a transporter.
  3533 | Temple   | Found a transporter.
  3533 | Temple   | Found a transporter.
  3551 | Temple   | Became a worshipper of Qazlal Stormbringer
  4124 | D:5      | Reached skill level 9 in Fighting
  4744 | D:6      | Reached XP level 9. HP: 25/78 MP: 9/9
  5140 | D:6      | Reached skill level 10 in Fighting
  5227 | D:6      | Slain by a gnoll sergeant

Illustrated notes

Levels and vault maps discovered:
D:1:      lightli_arrival_statue_moat, layout_rooms
D:2:      layout_loops_ring
D:3:      layout_basic
D:4:      layout_basic, dk_rats_in_the_wall
D:5:      layout_gridville, nicolae_vehumet_altar_sigil,
          minmay_temple_entry_arrows, serial_shops, nicolae_shop_peninsula
D:6:      layout_cave_pools
Temple:   hellmonk_temple_divided_pantheon

Skill      XL: |  1  2  3  4  5  6  7  8  9 |
---------------+----------------------------+-----
Fighting       | 4 5 6 7 9 10 | 10.0
Shields        | 5 6 8 9 |  9.6
Axes           | |  2.0
Armour         | |  3.2

Action                     |  1- 3 |  4- 6 |  7- 9 || total
---------------------------+-------+-------+-------++-------
  Melee: War axe           |    73 |   125 |   161 ||   359
    Use: Scroll            |     5 |     5 |     6 ||    16
         Potion            |       |     1 |     4 ||     5
 Armour: Scale mail        |    30 |    41 |    77 ||   148
  Dodge: Dodged            |    29 |    52 |   102 ||   183
  Block: Buckler           |    28 |    39 |    92 ||   159
